 Dungeon Crawl Stone Soup version 0.31-a0-810-ga77100ea1a (webtiles) character file.

Game seed: 12153945911419752677

689 Valiant the Covered (level 7, -9/44 HPs)
             Began as a Gargoyle Fighter on Sept 22, 2023.
             Shot with an arrow by a centaur (10 damage)
             ... on level 6 of the Dungeon.
             The game lasted 00:16:18 (4686 turns).

Valiant the Covered (Gargoyle Fighter)              Turns: 4686, Time: 00:16:19

Health: -9/44      AC: 15    Str: 21    XL:     7   Next: 63%
Magic:  7/7        EV:  8    Int:  9    God:
Gold:   259        SH:  4    Dex:  9    Spells: 6/6 levels left

rFire   . . .        v - +0 war axe (flame)
rCold   . . .        c - +0 buckler
rNeg    + . .        r - +0 chain mail
rPois   ∞            (no helmet)
rElec   +            j - +0 cloak
rCorr   .            (no gloves)
SInv    .            (no boots)
Will    .....        (no amulet) Stlth
                     (no ring)
HPRegen 0.27/turn    (no ring)
MPRegen 0.10/turn

%: no passive effects
@: no status effects
A: sickness immunity, AC +4, negative energy resistance 1, electricity
resistance, torment resistance 1, petrification resistance
a: no special abilities


You were on level 6 of the Dungeon.
You visited 1 branch of the dungeon, and saw 6 of its levels.

You collected 259 gold pieces.

Inventory:

Hand Weapons
 v - a +0 war axe of flaming (weapon)
 y - a +0 shortbow
Missiles
 g - 3 javelins (quivered)
 z - 11 stones
Armour
 c - a +0 buckler (worn)
 j - a +0 cloak (worn)
 r - a +0 chain mail (worn)
Talismans
 l - a maw talisman
Scrolls
 a - a scroll of immolation {unknown}
 b - a scroll of brand weapon {unknown}
 e - 2 scrolls of identify
 h - 2 scrolls of vulnerability {unknown}
 i - 2 scrolls of teleportation {unknown}
 k - 2 scrolls of fear {unknown}
 m - a scroll of enchant armour
 n - a scroll of acquirement
 o - 2 scrolls of amnesia {unknown}
 q - 2 scrolls of fog
 w - a scroll of blinking {unknown}
 A - a scroll of torment {unknown}
Potions
 d - 4 potions of might
 f - 3 potions of lignification {unknown}
 p - a potion of brilliance {unknown}
 s - a potion of resistance {unknown}
 t - 2 potions of curing
 u - a potion of haste {unknown}
 x - a potion of enlightenment {unknown}
 B - a potion of attraction {unknown}


   Skills:
 + Level 4.6 Fighting
 + Level 5.1 Axes
 + Level 5.1 Armour
 + Level 1.1 Dodging
 + Level 0.7 Stealth
 + Level 4.7 Shields


You had 6 spell levels left.
You didn't know any spells.
Your spell library contained the following spells:

 Spells                   Type           Power      Damage    Failure   Level
 Shock                    Conj/Air       0%         1d3       97%         1
 Ensorcelled Hibernation  Hex/Ice        0%         N/A       99%         2
 Jinxbite                 Hex            0%         N/A       99%         2
 Poisonous Vapours        Pois/Air       0%         N/A       99%         2
 Wereblood                Tmut           0%         N/A       99%         2
 Mephitic Cloud           Conj/Pois/Air  0%         N/A       100%        3
 Swiftness                Air            0%         N/A       100%        3
 Airstrike                Air            0%         2d(0-16)  100%        4
 Anguish                  Hex/Necr       0%         N/A       100%        4
 Freezing Cloud           Conj/Ice/Air   0%         6-21      100%        5
 Summon Forest            Summ/Tloc      0%         N/A       100%        5
 Eringya's Noxious Bog    Tmut/Pois      0%         4d6       100%        6
 Summon Hydra             Summ           0%         N/A       100%        7
 Sublimation of Blood     Necr           Unusable   N/A       N/A         2

Dungeon Overview and Level Annotations

Branches:
Dungeon (6/15)
 Temple: D:4-7

Altars:
Cheibriados
Gozag
Hepliaklqana
Nemelex Xobeh
Ru
Sif Muna
Uskayaw
Wu Jian


Innate Abilities, Weirdness & Mutations

You are immune to sickness and miasma.
Your stone body is resilient. (AC +4)
You are immune to poison.
You resist negative energy. (rN+)
You are resistant to electric shocks. (rElec)
You are resistant to unholy torment.
You are immune to petrification.


Message History

The centaur wields a +0 orcbow.
The centaur shoots an arrow.
The arrow hits you but does no damage.
An ice beast comes into view.
Found a ring mail.
The centaur shoots an arrow.
You block the arrow.
The centaur shoots an arrow.
The arrow hits you. The ogre hits you with a +0 giant club!
You slash the ogre! You burn the ogre.
The ogre is heavily wounded.
The centaur shoots an arrow.
The arrow hits you but does no damage. The ogre hits you with a +0 giant club!
The centaur shoots an arrow.
The arrow hits you.
You are too injured to fight recklessly!
You are too injured to fight recklessly!
The centaur shoots an arrow.
The arrow hits you!
* * * LOW HITPOINT WARNING * * *
It was a potion of curing.
You feel better.
The centaur shoots an arrow.
The arrow hits you.
* * * LOW HITPOINT WARNING * * *
The phantom attacks as it pursues you! The phantom barely misses you.
The phantom attacks as it pursues you! You block the phantom's attack.
As you read the scroll of fog, it dissolves into smoke.
You block the phantom's attack. The phantom attacks as it pursues you!
The phantom hits you but does no damage.
The phantom attacks as it pursues you!
The phantom hits you but does no damage.
As you read the scroll of fog, it dissolves into smoke.
The phantom hits you but does no damage.
The phantom attacks as it pursues you! The phantom hits you.
* * * LOW HITPOINT WARNING * * *
The ogre attacks as it pursues you! The ogre hits you with a +0 giant club!
* * * LOW HITPOINT WARNING * * *
The phantom attacks as it pursues you!
The phantom hits you but does no damage.
The ogre attacks as it pursues you! The ogre closely misses you.
The centaur shoots an arrow.
The arrow hits you.
* * * LOW HITPOINT WARNING * * *
The centaur shoots an arrow.
The arrow hits you but does no damage.
The centaur shoots an arrow.
The arrow hits you!
You die...

........ .... #....##
.......##............#
....#.....[....#.....###
....#..................####
.........##............#..##
........###.§..............##
......# #§§##..............#
#.....####§§§O............#
#)....##.§§§§§W.@.........#
....§###.§Y§Y§...#.#.....###
....§§##c.§§c.§..#.##......#
....§§§§...§§§..#..###.....###
....§§§§........#..###...#...#
......§§................##.#.#
.........................#.#.##
........#.....................#
........##.........#.#.....#.####


You could see an ice beast, an ogre, a phantom and a centaur.

Vanquished Creatures
  A black bear (D:6)
  A centaur (D:6)
  A phantom (D:5)
  A kobold brigand (D:6)
  4 hounds
  3 jellies (D:6)
  An iguana (D:5)
  5 adders
  A white imp (D:6)
  2 worms (D:5)
  5 dart slugs
  5 orcs
  6 endoplasms
  5 giant cockroaches
  7 goblins
  5 hobgoblins
  5 jackals (D:1)
  10 kobolds
  A quokka (D:2)
  4 ball pythons
  3 bats (D:2)
  3 frilled lizards
  2 rats
81 creatures vanquished.

Notes
Turn   | Place    | Note
-------+----------+-------------------------------------------
     0 | D:1      | Valiant the Gargoyle Fighter began the quest for the Orb.
     0 | D:1      | Reached XP level 1. HP: 14/14 MP: 1/1
   363 | D:1      | Reached XP level 2. HP: 19/19 MP: 2/2
  1150 | D:2      | Reached XP level 3. HP: 23/23 MP: 3/3
  1407 | D:2      | Reached XP level 4. HP: 28/29 MP: 4/4
  1649 | D:3      | Found an ornate altar of the Wu Jian Council.
  1711 | D:3      | Found a sparkling altar of Nemelex Xobeh.
  1783 | D:3      | Found a sacrificial altar of Ru.
  1862 | D:3      | Identified the +5 ring mail "Xoaffani" {Rampage +Inv
                  | Regen+}
  2385 | D:4      | Reached XP level 5. HP: 33/33 MP: 5/5
  2565 | D:4      | Found the +5 Storm Queen's Shield {shock, Fly rElec}
  3027 | D:4      | Identified a scroll of acquirement
  3069 | D:5      | Entered Level 5 of the Dungeon
  3126 | D:5      | Reached XP level 6. HP: 31/38 MP: 6/6
  3375 | D:5      | Found an opulent altar of Gozag.
  3375 | D:5      | Found a faded altar of an unknown god.
  3381 | D:5      | Found a snail-covered altar of Cheibriados.
  3383 | D:5      | Found a hide-covered altar of Uskayaw.
  3385 | D:5      | Found a shimmering blue altar of Sif Muna.
  4338 | D:6      | Noticed a black bear
  4347 | D:6      | Killed a black bear
  4348 | D:6      | Reached XP level 7. HP: 44/44 MP: 7/7
  4359 | D:6      | Found a hazy altar of Hepliaklqana.
  4493 | D:6      | Reached skill level 5 in Armour
  4493 | D:6      | Reached skill level 1 in Dodging
  4505 | D:6      | Reached skill level 5 in Axes
  4682 | D:6      | HP: 1/44 [ogre/+0 giant club (8)]
  4686 | D:6      | Shot with an arrow by a centaur

Illustrated notes

Levels and vault maps discovered:
D:1:      minmay_arrival_three_doors, layout_basic
D:2:      layout_rooms, guppyfry_early_orc_mine
D:3:      layout_loops_ring, mainiacjoe_overflow_six_doors_small,
          overflow_temple_1_default, mainiacjoe_overflow_24_doors
D:4:      layout_basic
D:5:      layout_basic, chequers_temple_overflow_minitemple
D:6:      layout_cave_pools, marbit_many_paths, uniq_pikel

Skill      XL: |  1  2  3  4  5  6  7 |
---------------+----------------------+-----
Axes           | 2 3 4 5 |  5.1
Shields        | 4 |  4.7
Armour         | 4 5 |  5.1
Fighting       | 4 |  4.6
Dodging        | 1 |  1.1
Stealth        | |  0.7

Action                     |  1- 3 |  4- 6 |  7- 9 || total
---------------------------+-------+-------+-------++-------
  Melee: War axe           |    90 |   142 |    28 ||   260
    Use: Scroll            |       |     3 |     2 ||     5
         Potion            |       |       |     1 ||     1
 Armour: Scale mail        |    68 |    25 |       ||    93
         Chain mail        |       |   124 |    62 ||   186
  Dodge: Dodged            |    48 |    52 |    23 ||   123
  Block: Buckler           |    22 |    32 |     9 ||    63

Table legend: (Time is in decaauts)
 A = Elapsed time spent in this place.
 B = Non-inter-level travel time spent in this place.
 C = Inter-level travel time spent in this place.
 D = Time resting spent in this place.
 E = Time spent auto-exploring this place.
 F = Levels seen in this place.
 G = Mean time per level.
                   A        B        C        D        E       F      G
               +--------+--------+--------+--------+--------+-----+--------+
         Total |   4781 |   4781 |      0 |    600 |   3068 |   6 |  796.8 |
       Dungeon |   4781 |   4781 |      0 |    600 |   3068 |   6 |  796.8 |
               +--------+--------+--------+--------+--------+-----+--------+

Top non-repeatable levels by time:
     D:5: 1213 daAuts
     D:1: 1029 daAuts
     D:4: 793 daAuts
     D:3: 751 daAuts
     D:2: 562 daAuts
     D:6: 431 daAuts
